 Dungeon Crawl Stone Soup version 0.21.1-1-g345015fe64 (webtiles) character file.

624 Ikesh the Shield-Bearer (level 7, -6/63 HPs)
             Began as a Deep Dwarf Fighter on June 9, 2018.
             Mangled by an orc wizard
             ... wielding a +2 dagger of electrocution
              (11 damage)
             ... on level 4 of the Dungeon.
             The game lasted 00:12:47 (1917 turns).

Ikesh the Shield-Bearer (Deep Dwarf Fighter)        Turns: 1917, Time: 00:12:48

Health: -6/63      AC:  7    Str: 22    XL:     7   Next: 22%
Magic:  7/7        EV:  9    Int:  8    God:
Gold:   118        SH:  0    Dex: 12    Spells: 6/6 levels left

rFire    . . .     SeeInvis .   a - +1 long sword
rCold    . . .     Gourm    .   c - +0 shield
rNeg     . . .     Faith    .   b - +0 scale mail
rPois    .         Spirit   .   (no helmet)
rElec    .         Reflect  .   (no cloak)
rCorr    .         Harm     .   (no gloves)
MR       +....                  (no boots)
Stlth    ..........             i - amulet of rage
HPRegen  0.00/turn              (no ring)
MPRegen  0.10/turn              (no ring)

@: confused, non-regenerating, drained
A: damage resistance, heal wounds, sense surroundings 1, no regeneration
a: Heal Wounds, Evoke Berserk Rage


You were on level 4 of the Dungeon.
You were not hungry.

You visited 1 branch of the dungeon, and saw 4 of its levels.

You collected 118 gold pieces.

Inventory:

Hand Weapons
 a - a +1 long sword (weapon)
Armour
 b - a +0 scale mail (worn)
 c - a +0 shield (worn)
Jewellery
 i - an amulet of rage (around neck)
Scrolls
 h - 3 scrolls of identify
 j - a scroll of enchant armour
Books
 d - a book of Maledictions

   Spells                             Type                      Level
   a - Corona                         Hexes                        1
   b - Ensorcelled Hibernation        Hexes/Ice                    2
   c - Confuse                        Hexes                        3
   d - Tukima's Dance                 Hexes                        3
   e - Dazzling Spray                 Conjuration/Hexes            3
 k - a book of Enchantments

   Spells                             Type                      Level
   a - Cause Fear                     Hexes                        4
   b - Yara's Violent Unravelling     Hexes/Transmutation          5
   c - Silence                        Hexes/Air                    5
   d - Deflect Missiles               Charms/Air                   6
   e - Discord                        Hexes                        8
Comestibles
 f - 6 rations
 g - 3 chunks of flesh


   Skills:
 + Level 3.6(3.4) Fighting
 + Level 5.0(4.8) Long Blades
 + Level 4.4(4.2) Armour
 + Level 2.7(2.6) Dodging
 + Level 0.2(0.0) Stealth
 + Level 5.4(5.2) Shields


You had 6 spell levels left.
You didn't know any spells.

Dungeon Overview and Level Annotations

Branches:
Dungeon (4/15)
 Temple: D:4-7

Altars:
Ashenzari
Qazlal

Annotations:
D:3 Jessica, Terence
D:4 Ikesh's ghost, novice DDFi


Innate Abilities, Weirdness & Mutations

You are resistant to damage.
You can heal yourself by infusing magical energy.
You passively map a small area around you.
You do not regenerate.


Message History

You writhe in agony.
You hit something but do no damage. Something hits you.
Ikesh's ghost barely misses you.
You riposte.
You hit Ikesh's ghost but do no damage. You barely miss something.
You hear some strange, mumbled words.
A puff of flame appears from out of thin air!
The puff of flame hits you! You block Ikesh's ghost's attack.
You barely miss something.
You hear some strange, mumbled words.
You are confused.
Ikesh's ghost hits you!
* * * LOW HITPOINT WARNING * * *
You writhe in agony.
* * * LOW HITPOINT WARNING * * *
Something hits you.
You bump into the rock wall.
Ikesh's ghost hits you!
* * * LOW HITPOINT WARNING * * *
You writhe in agony.
Something hits you.
You are electrocuted!
You die...

..###.# #...######## * #
#.#...# #...# .# # #.#.###
#...# . # #.#.# #...# .## #
#.#.# ####...# ..# #
#.#.######......# *#.# #
#.#............## #.# #
#.########....#############.#
#
.........'.....W@{.....).##.##
#
.....#####....##########.##..#
.....# ###### #.....o#.####
.....# #...s..#..... ....##
#......#..... ....#
##########......#....o ....#
#.......##......#.[... ....#
#.......##......###.[# #####
#.......##.(....####.#


You could see Ikesh's ghost.

Vanquished Creatures
  Sigmund (D:2)
  Edmund (D:4)
  A centaur (D:3)
  A howler monkey (D:4)
  An orc priest (D:3)
  A bullfrog skeleton (D:4)
  An orc wizard (D:4)
  2 worker ants
  3 adders
  An ooze (D:2)
  3 leopard geckos
  8 orcs
  8 bats
  6 giant cockroaches
  8 goblins
  7 hobgoblins
  2 jackals (D:1)
  2 quokkas
  6 frilled lizards
  6 kobolds
  3 rats
72 creatures vanquished.

Notes
Turn   | Place    | Note
-------+----------+-------------------------------------------
     0 | D:1      | Ikesh the Deep Dwarf Fighter began the quest for the Orb.
     0 | D:1      | Reached XP level 1. HP: 20/20 MP: 1/1
   158 | D:1      | Reached XP level 2. HP: 27/27 MP: 2/2
   620 | D:2      | Noticed Sigmund
   663 | D:1      | Reached XP level 3. HP: 14/34 MP: 3/3
   796 | D:3      | Noticed Jessica
   899 | D:2      | Found a stormy altar of Qazlal.
   987 | D:2      | Reached XP level 4. HP: 12/42 MP: 4/4
  1055 | D:2      | Killed Sigmund
  1055 | D:2      | Reached skill level 1 in Dodging
  1055 | D:2      | Reached XP level 5. HP: 25/49 MP: 5/5
  1118 | D:3      | Found a shattered altar of Ashenzari.
  1220 | D:3      | Reached XP level 6. HP: 26/56 MP: 6/6
  1233 | D:3      | Noticed Terence
  1495 | D:4      | Noticed Ikesh's ghost (novice DDFi)
  1558 | D:4      | Noticed Edmund
  1575 | D:4      | Killed Edmund
  1575 | D:4      | Reached skill level 5 in Long Blades
  1575 | D:4      | Reached skill level 5 in Shields
  1575 | D:4      | Reached XP level 7. HP: 29/63 MP: 7/7
  1917 | D:4      | Mangled by an orc wizard

Skill      XL: |  1  2  3  4  5  6 |
---------------+-------------------+-----
Fighting       | 3 |  3.6
Long Blades    | 3 4 5 |  5.0
Shields        | 4 5 |  5.4
Armour         | 4 |  4.4
Dodging        | 1 2 |  2.7
Stealth        | |  0.2

Action                   |  1- 3 |  4- 6 |  7- 9 || total
-------------------------+-------+-------+-------++-------
Melee: Long sword        |   124 |   144 |    27 ||   295
 Abil: Heal Wounds       |       |     1 |       ||     1
  Use: Potion            |     1 |     5 |     1 ||     7
       Scroll            |     3 |     1 |       ||     4
  Eat: Chunk             |     1 |     2 |     1 ||     4
Armor: Scale mail        |    61 |    41 |     5 ||   107
Dodge: Dodged            |    40 |    35 |    10 ||    85
Block: Shield            |    59 |    67 |    11 ||   137
       Rpst.: Long sword |    16 |     4 |     4 ||    24
